 Dungeon Crawl Stone Soup version 0.28.0-45-g0d030f2227 (webtiles) character file.

Game seed: 10709663984728004219

7 Peloso the Shield-Bearer (level 1, -1/20 HPs)
             Began as a Minotaur Fighter on Apr 16, 2022.
             Slain by a ball python (3 damage)
             ... on level 1 of the Dungeon.
             The game lasted 00:00:42 (222 turns).

Peloso the Shield-Bearer (Minotaur Fighter)          Turns: 222, Time: 00:00:43

Health: -1/20      AC:  7    Str: 20    XL:     1   Next: 91%
Magic:  0/0        EV:  9    Int:  5    God:
Gold:   33         SH:  4    Dex:  9    Spells: 0/0 levels left

rFire   . . .      SeeInvis .   a - +0 long sword
rCold   . . .      Faith    .   c - +0 buckler
rNeg    . . .      Spirit   .   b - +0 scale mail
rPois   .          Reflect  .   (helmet restricted)
rElec   .          Harm     .   (no cloak)
rCorr   .          Rampage  .   (no gloves)
Will    .....                   (no boots)
Stlth   ..........              (no amulet)
HPRegen 0.06/turn               (no ring)
MPRegen 0.07/turn               (no ring)

@: no status effects
A: horns 2, retaliatory headbutt
a: no special abilities


You were on level 1 of the Dungeon.
You visited 1 branch of the dungeon, and saw 1 of its levels.

You collected 33 gold pieces.

Inventory:

Hand Weapons
 a - a +0 long sword (weapon)
Armour
 b - a +0 scale mail (worn)
 c - a +0 buckler (worn)
Jewellery
 e - an amulet of the acrobat
Potions
 d - a potion of might


   Skills:
 + Level 3.8 Fighting
 + Level 2.5 Long Blades
 + Level 3.8 Armour
 + Level 3.8 Shields


You couldn't memorise any spells.
You didn't know any spells.
Your spell library was empty.

Dungeon Overview and Level Annotations

Branches:
Dungeon (1/15)

Altars:


Innate Abilities, Weirdness & Mutations

You have a pair of horns on your head.
You reflexively headbutt those who attack you in melee.


Message History

You are frozen.
* * * LOW HITPOINT WARNING * * *
The hobgoblin hits you but does no damage.
The hobgoblin barely misses you.
Found 10 gold pieces.
A quokka comes into view.
The quokka twitches its whiskers.
A ball python comes into view.
The ball python hisses angrily.
You block the ball python's attack. The ball python grabs you.
The ball python constricts you.
The ball python bites you but does no damage.
The ball python constricts you.
You escape the ball python's grasp.
The ball python bites you but does no damage.
You block the ball python's attack. The ball python barely misses you.
The ball python grabs you. The ball python constricts you.
* * * LOW HITPOINT WARNING * * *
You escape the ball python's grasp.
You closely miss the quokka.
The quokka bites you but does no damage.
The hobgoblin closely misses you.
The quokka bites you but does no damage.
The quokka bites you but does no damage.
The quokka bites you.
* * * LOW HITPOINT WARNING * * *
The quokka bites you.
* * * LOW HITPOINT WARNING * * *
The ball python bites you but does no damage.
The ball python closely misses you.
The quokka twitches its whiskers.
You block the quokka's attack. You block the ball python's attack.
The ball python grabs you. The ball python constricts you.
You escape the ball python's grasp.
The quokka misses you. You furiously retaliate!
You headbutt the quokka, but do no damage.
The ball python bites you.
You die...

#........#
#........#
#........# #
#........# ♣♣
#....g...# .♣♣♣###
######g###
......##### #.r#
#♣♣♣....♣.♣######S#
###♣♣...........@.#
..# ♣♣..........###
..####♣.♣......♣#
..#..###♣♣....♣♣
..#....# ♣♣...♣♣
..#....# ♣♣....♣
8.'..<.# ♣..♣♣♣#
..#....# ♣♣♣♣
########


You could see a quokka and a ball python.

Vanquished Creatures
  2 endoplasms (D:1)
  A goblin (D:1)
  A hobgoblin (D:1)
  A kobold (D:1)
  A frilled lizard (D:1)
6 creatures vanquished.

Notes
Turn   | Place    | Note
-------+----------+-------------------------------------------
     0 | D:1      | Peloso the Minotaur Fighter began the quest for the Orb.
     0 | D:1      | Reached XP level 1. HP: 19/19 MP: 0/0
   210 | D:1      | HP: 1/20 [quokka (3)]
   222 | D:1      | Slain by a ball python

Illustrated notes

Levels and vault maps discovered:
D:1:      sevenhm_arrival_forest_fort_large_2, layout_basic

Action                   || total
-------------------------++-------
Melee: Long sword        ||    10
       Headbutt          ||     2
Armor: Scale mail        ||    15
Dodge: Dodged            ||     6
Block: Buckler           ||     5
